AoeStats
← Table_Rase

Glade

510447844Analyzed
1v1 RM · 24h ago on Oct 1, 2026· 36m 37s· 2 players
Game mode
Random Map
Map size
Tiny (2 player)
Population
200
Speed
Normal
Resources
Standard
Victory
Conquest
Starting age
Dark Age
Ending age
Imperial Age
RankedLock teamsTeams togetherTeam positionsShared explorationLock speedFull tech treeHidden civsTurbo modeCheats
Victory
Defeat
🇺🇸 Khmer · United States
1582
+16
🇫🇷 Celts · France
1575
-16
Table_Rase
3:42 Loom
12:32 Feudal Age
13:03 Man-at-Arms
15:57 Double-Bit Axe
17:47 Fletching
18:52 Horse Collar
19:51 Wheelbarrow
24:18 Castle Age
23:13 Stone Mining
23:17 Gold Mining
25:28 Bodkin Arrow
28:45 Padded Archer Armor
29:48 Scale Mail Armor
30:22 Forging
33:23 Bow Saw
38:17 Imperial Age
37:02 Chain Mail Armor
theblindleadtheblind
6:17 Loom
11:29 Feudal Age
12:11 Double-Bit Axe
12:14 Horse Collar
14:40 Fletching
21:10 Castle Age
20:19 Gold Mining
21:16 Crossbowman
22:38 Bodkin Arrow
33:14 Imperial Age
34:04 Bracer
36:55 Padded Archer Armor
Connection lost

Rejoining the realm…

Still unreachable

The connection could not be restored.

Session expired

The server has moved on; the page needs a fresh start.